[Event "ICC Open 2015"]
[Site "Internet Chess Club"]
[Date "2015.05.30"]
[Round "1"]
[White "bigali"]
[Black "MichaelBluth"]
[Result "0-1"]
[ICCResult "White checkmated"]
[WhiteElo "1663"]
[BlackElo "2342"]
[Opening "Scandinavian (center counter) defense"]
[ECO "B01"]
[NIC "SD.01"]
[Time "19:03:05"]
[TimeControl "180+0"]

1. e4 d5 2. exd5 Qxd5 3. Nc3 Qa5 4. Nf3 c6 5. Be2 Nf6 6. O-O Bf5 7. d4 e6 8.
Bg5 Nbd7 9. h3 Bb4 10. Bd2 Qc7 11. a3 Bd6 12. Bg5 h6 13. Be3 g5 14. Bd3 g4
15. Nh4 Bxd3 16. Qxd3 gxh3 17. gxh3 O-O-O 18. Kh1 e5 19. Nf5 Nf8 20. Nxd6+
Rxd6 21. Qc4 exd4 22. Bxd4 h5 23. Bxa7 Ng4 24. Qe4 Re6 25. Qf5 Qh2#
{White checkmated}
0-1

[Event "ICC Open 2015"]
[Site "Internet Chess Club"]
[Date "2015.05.30"]
[Round "1"]
[White "Osya"]
[Black "h13"]
[Result "1-0"]
[ICCResult "Black checkmated"]
[WhiteElo "1835"]
[BlackElo "2489"]
[Opening "English: Mikenas-Carls, Flohr variation"]
[ECO "A18"]
[NIC "EO.57"]
[Time "19:03:01"]
[TimeControl "180+0"]

1. c4 Nf6 2. Nc3 e6 3. e4 d5 4. e5 Ne4 5. d4 Nxc3 6. bxc3 b6 7. Nf3 Ba6 8.
cxd5 Bxf1 9. Kxf1 Qxd5 10. Be3 Nc6 11. Qd2 Na5 12. Rd1 Nc4 13. Qc2 Be7 14.
h4 a5 15. h5 a4 16. Rh3 Ra5 17. Rg3 g6 18. Bh6 a3 19. Qe2 Rb5 20. Bg7 Rg8
21. Bf6 Rb2 22. Qd3 Bxf6 23. exf6 Qxh5 24. Kg1 Qb5 25. Qe4 Qd5 26. Qf4 Qd6
27. Qh6 Rxa2 28. Qxh7 Qf8 29. Ne5 Rh8 30. Qg7 Nxe5 31. dxe5 Qxg7 32. fxg7
Rg8 33. Rgd3 Ra1 34. Rxa1 Rxg7 35. Rad1 Rh7 36. Rd8+ Ke7 37. R1d7#
{Black checkmated}
1-0

[Event "ICC Open 2015"]
[Site "Internet Chess Club"]
[Date "2015.05.30"]
[Round "1"]
[White "SCORPION83"]
[Black "noyb"]
[Result "1-0"]
[ICCResult "Black resigns"]
[WhiteElo "3045"]
[BlackElo "1989"]
[Opening "QGD Slav defense"]
[ECO "D13"]
[NIC "SL.01"]
[Time "19:03:33"]
[TimeControl "180+0"]

1. d4 d5 2. c4 c6 3. Nc3 Nf6 4. cxd5 cxd5 5. Nf3 Nc6 6. Bf4 a6 7. Rc1 Nh5 8.
Bg5 h6 9. Bd2 e6 10. e3 Nf6 11. Ne5 Nxe5 12. dxe5 Nd7 13. f4 Be7 14. Bd3 Nc5
15. Bb1 O-O 16. O-O b5 17. b4 Nd7 18. Ne2 Bb7 19. Qc2 f5 20. Nd4 Rc8 21. Qd3
Qb6 22. g4 g6 23. gxf5 gxf5 24. Kh1 Kh8 25. Rxc8 Rxc8 26. Qe2 Rg8 27. Qh5
Nf8 28. Qxh6+ Nh7 29. Rg1 Rxg1+ 30. Kxg1 Bc8 31. Bxf5 {Black resigns} 1-0

[Event "ICC Open 2015"]
[Site "Internet Chess Club"]
[Date "2015.05.30"]
[Round "1"]
[White "mvillalba"]
[Black "rovov"]
[Result "1-0"]
[ICCResult "Black checkmated"]
[WhiteElo "2240"]
[BlackElo "1587"]
[Opening "French: Tarrasch, open variation"]
[ECO "C07"]
[NIC "FR.19"]
[Time "19:03:41"]
[TimeControl "180+0"]

1. e4 e6 2. d4 d5 3. Nd2 c5 4. exd5 Qxd5 5. Ngf3 cxd4 6. Bc4 Qd6 7. O-O Nf6
8. Nb3 Nc6 9. Nbxd4 Nxd4 10. Nxd4 a6 11. b3 Qc7 12. Bb2 Bd6 13. h3 O-O 14.
Qf3 Bd7 15. Rad1 Bc6 16. Nxc6 bxc6 17. Bxf6 gxf6 18. Qxf6 Be7 19. Qh6 e5 20.
Rd3 Kh8 21. Rg3 Rg8 22. Bd3 f5 23. Bxf5 Bd8 24. Rxg8+ Kxg8 25. Be6+ Kh8 26.
Qf8# {Black checkmated} 1-0

[Event "ICC Open 2015"]
[Site "Internet Chess Club"]
[Date "2015.05.30"]
[Round "1"]
[White "LastKeks"]
[Black "blackmiura"]
[Result "1-0"]
[ICCResult "Black checkmated"]
[WhiteElo "3118"]
[BlackElo "2361"]
[Opening "Sicilian: Najdorf, Byrne (English) attack"]
[ECO "B90"]
[NIC "SI.14"]
[Time "19:02:50"]
[TimeControl "180+0"]

1. e4 c5 2. Nf3 d6 3. d4 cxd4 4. Nxd4 Nf6 5. Nc3 a6 6. Be3 e5 7. Nb3 Be6 8.
f4 exf4 9. Bxf4 Be7 10. Qe2 Nbd7 11. h3 Ne5 12. O-O-O Qc7 13. g4 Rc8 14. Kb1
b5 15. g5 Nfd7 16. Nd4 b4 17. Nd5 Bxd5 18. exd5 O-O 19. Nc6 Nxc6 20. dxc6
Ne5 21. Bg2 Rfe8 22. Bxe5 dxe5 23. Rd7 Qb6 24. Rf1 Rxc6 25. Bxc6 Qxc6 26.
Ra7 Qg6 27. h4 Bf8 28. Rxa6 f6 29. gxf6 gxf6 30. Raxf6 Qg7 31. Qc4+ Kh8 32.
Rf7 Qg8 33. h5 e4 34. Qc6 Bg7 35. Rxg7 Kxg7 36. Qf6# {Black checkmated} 1-0

[Event "ICC Open 2015"]
[Site "Internet Chess Club"]
[Date "2015.05.30"]
[Round "1"]
[White "shredded"]
[Black "leonardoalmeida"]
[Result "1-0"]
[ICCResult "Black resigns"]
[WhiteElo "2702"]
[BlackElo "1872"]
[Opening "QGD: 3.Nc3"]
[ECO "D31"]
[NIC "QO.17"]
[Time "19:03:08"]
[TimeControl "180+0"]

1. d4 e6 2. c4 d5 3. Nc3 dxc4 4. e4 a6 5. Bxc4 b5 6. Bb3 Bb7 7. f3 Nf6 8.
Be3 Be7 9. Nge2 Nbd7 10. a4 b4 11. Nb1 a5 12. Nd2 O-O 13. O-O c5 14. Rc1
cxd4 15. Nxd4 Nc5 16. Bc4 Rc8 17. b3 h6 18. Qe2 Re8 19. Rfd1 Qc7 20. Bb5
Red8 21. Bc4 Qb8 22. Bf2 Nh5 23. g3 Nf6 24. Nf1 Qa8 25. Nb5 Ba6 26. Rxd8+
Rxd8 27. Nc7 Bxc4 28. Qxc4 Qc6 29. Nb5 Rc8 30. Na7 Qb7 31. Nxc8 Qxc8 32.
Bxc5 Bxc5+ 33. Qxc5 Qa6 34. Qc8+ Qxc8 35. Rxc8+ Kh7 36. Rc5 {Black resigns}
1-0

[Event "ICC Open 2015"]
[Site "Internet Chess Club"]
[Date "2015.05.30"]
[Round "1"]
[White "ZenChess"]
[Black "kingmate"]
[Result "0-1"]
[ICCResult "White resigns"]
[WhiteElo "1820"]
[BlackElo "2560"]
[Opening "French: exchange variation"]
[ECO "C01"]
[NIC "FR.01"]
[Time "19:03:41"]
[TimeControl "180+0"]

1. e4 e6 2. d4 d5 3. exd5 exd5 4. c4 Nf6 5. Nc3 Be6 6. c5 c6 7. Nf3 Be7 8.
Bd3 b6 9. Be3 bxc5 10. dxc5 Qa5 11. Rc1 Bxc5 12. Bxc5 Qxc5 13. O-O Qd6 14.
Re1 O-O 15. Ne5 Nbd7 16. Nxd7 Bxd7 17. Qf3 h6 18. h3 Rfe8 19. Rxe8+ Rxe8 20.
Na4 Ne4 21. Bxe4 dxe4 22. Qe3 a5 23. Nc5 Bf5 24. Qc3 e3 25. fxe3 Qg3 26. Kh1
Rxe3 27. Qxa5 Re2 28. Rg1 Bxh3 29. Qd8+ Kh7 {White resigns} 0-1

[Event "ICC Open 2015"]
[Site "Internet Chess Club"]
[Date "2015.05.30"]
[Round "1"]
[White "a-man"]
[Black "a-rubinstein"]
[Result "0-1"]
[ICCResult "White checkmated"]
[WhiteElo "1473"]
[BlackElo "2140"]
[Opening "Sicilian: dragon, 6.Be3"]
[ECO "B72"]
[NIC "SI.16"]
[Time "19:02:53"]
[TimeControl "180+0"]

1. e4 c5 2. Nf3 d6 3. d4 cxd4 4. Nxd4 Nf6 5. Nc3 g6 6. Be3 Bg7 7. Bc4 O-O 8.
Qd2 Ng4 9. O-O-O Nxe3 10. Qxe3 Nc6 11. Kb1 Nxd4 12. Rxd4 Bxd4 13. Qxd4 e5
14. Qe3 Be6 15. Bxe6 fxe6 16. Rd1 Qe7 17. Nb5 Rfd8 18. Nxa7 d5 19. exd5 exd5
20. Nb5 d4 21. Qb3+ Qf7 22. Qxf7+ Kxf7 23. c3 dxc3 24. Rxd8 Rxd8 25. Nxc3
Rd2 26. Ne4 Re2 27. f3 Rxg2 28. b4 Rxh2 29. a4 Ke7 30. b5 Kd8 31. a5 h5 32.
a6 bxa6 33. bxa6 Kc7 34. Nc5 Kb6 35. Kc1 Kxc5 36. a7 Ra2 37. Kb1 Rxa7 38.
Kc1 Rf7 39. Kd1 Rxf3 40. Ke2 Rf4 41. Ke3 h4 42. Ke2 h3 43. Ke3 h2 44. Ke2
h1=Q 45. Ke3 Qf3+ 46. Kd2 Rd4+ 47. Kc2 Qd1+ 48. Kb2 Rb4+ 49. Kc3 Rc4+ 50.
Kb2 Qc2+ 51. Ka3 Ra4# {White checkmated} 0-1

[Event "ICC Open 2015"]
[Site "Internet Chess Club"]
[Date "2015.05.30"]
[Round "1"]
[White "Poporovitch"]
[Black "graccus"]
[Result "1-0"]
[ICCResult "Black resigns"]
[WhiteElo "2028"]
[BlackElo "1332"]
[Opening "Sicilian: closed"]
[ECO "B23"]
[NIC "SI.44"]
[Time "19:03:29"]
[TimeControl "180+0"]

1. e4 c5 2. Nc3 d6 3. f4 Nc6 4. Nf3 e6 5. Bb5 Bd7 6. O-O a6 7. Be2 g6 8. d3
Bg7 9. Qe1 Nf6 10. Bd1 O-O 11. Be3 b5 12. a4 b4 13. Ne2 Re8 14. h3 Rc8 15.
c3 a5 16. Qd2 e5 17. Ng3 Rc7 18. Bc2 Qc8 19. Qf2 Be6 20. Ng5 Bd7 21. Bb3 Rf8
22. f5 h6 23. Nxf7 Rxf7 24. fxg6 Nxe4 25. dxe4 {Black resigns} 1-0

[Event "ICC Open 2015"]
[Site "Internet Chess Club"]
[Date "2015.05.30"]
[Round "1"]
[White "fviana"]
[Black "bythebook"]
[Result "1-0"]
[ICCResult "Black forfeits on time"]
[WhiteElo "2318"]
[BlackElo "1646"]
[Opening "Caro-Kann: Tartakower (Nimzovich) variation"]
[ECO "B15"]
[NIC "CK.06"]
[Time "19:03:08"]
[TimeControl "180+0"]

1. e4 c6 2. d4 d5 3. Nc3 dxe4 4. Nxe4 Nf6 5. Nxf6+ exf6 6. Nf3 Bd6 7. g3 O-O
8. Bg2 Bg4 9. O-O Nd7 10. c3 Nb6 11. Re1 Qd7 12. Be3 Rfe8 13. Qd3 Re7 14. c4
Bc7 15. b3 Rae8 16. Bd2 g6 17. Rxe7 Rxe7 18. Bb4 Re8 19. a4 Kg7 20. a5 Nc8
21. Bc3 Nd6 22. Ne5 fxe5 23. dxe5 Bf5 24. exd6+ Kg8 25. Qd4
{Black forfeits on time}
1-0

[Event "ICC Open 2015"]
[Site "Internet Chess Club"]
[Date "2015.05.30"]
[Round "1"]
[White "Moritex"]
[Black "Machinegun"]
[Result "0-1"]
[ICCResult "White resigns"]
[WhiteElo "1769"]
[BlackElo "2472"]
[Opening "Bird's opening"]
[ECO "A03"]
[NIC "VO.07"]
[Time "19:03:23"]
[TimeControl "180+0"]

1. f4 d5 2. Nf3 Nf6 3. b3 c5 4. Bb2 Qc7 5. e3 Nc6 6. Bb5 Bg4 7. Bxc6+ Qxc6
8. O-O e6 9. h3 Bxf3 10. Qxf3 Be7 11. d3 O-O-O 12. Nd2 Kb8 13. a4 Ka8 14.
Qe2 Rhg8 15. Nf3 Nd7 16. Kh1 Bf6 17. Ne5 Bxe5 18. fxe5 Rdf8 19. Qh5 f6 20.
Qxh7 Nxe5 21. Bxe5 fxe5 22. Rxf8+ Rxf8 23. Qxg7 Re8 24. Qxe5 a6 25. Rf1 Rg8
26. g4 d4+ 27. e4 c4 28. bxc4 Qxa4 29. Qxe6 Rh8 30. Rf2 Rxh3+ 31. Kg2 Rh8
32. g5 Qa1 33. g6 Qh1+ 34. Kg3 Qg1+ 35. Rg2 Qe3+ 36. Kg4 Qh3+ {White
resigns} 0-1

[Event "ICC Open 2015"]
[Site "Internet Chess Club"]
[Date "2015.05.30"]
[Round "1"]
[White "Cristhian-ator"]
[Black "nihil95"]
[Result "1-0"]
[ICCResult "Black resigns"]
[WhiteElo "2543"]
[BlackElo "1817"]
[Opening "Réti opening"]
[ECO "A04"]
[NIC "KI.75"]
[Time "19:03:24"]
[TimeControl "180+0"]

1. Nf3 d6 2. c4 c6 3. Nc3 g6 4. d4 Bg7 5. g3 Nf6 6. Bg2 O-O 7. O-O Qc7 8. e4
Bg4 9. h3 Bxf3 10. Bxf3 Nbd7 11. Be3 e5 12. d5 c5 13. a3 a6 14. Qd2 Nb6 15.
b3 Qe7 16. Qd3 Rab8 17. b4 Nbd7 18. Rab1 b6 19. Rb2 h5 20. Rfb1 Nh7 21. Qd1
Nhf6 22. Qa4 Ra8 23. bxc5 Nxc5 24. Qc2 Nfd7 25. Na4 Rab8 26. Nxb6 Nxb6 27.
Rxb6 Rxb6 28. Rxb6 Qc7 29. Rc6 Qa7 30. Rxd6 Rc8 31. Qc3 f6 32. Qb4 Rc7 33.
Rd8+ Kh7 34. d6 Rc6 35. Bxc5 Rxc5 36. d7 Qc7 37. Rc8 Rxc4 38. Rxc7
{Black resigns}
1-0

[Event "ICC Open 2015"]
[Site "Internet Chess Club"]
[Date "2015.05.30"]
[Round "1"]
[White "zelog"]
[Black "raja2015"]
[Result "1-0"]
[ICCResult "Black resigns"]
[WhiteElo "2041"]
[BlackElo "1523"]
[Opening "English opening"]
[ECO "A10"]
[NIC "EO.64"]
[Time "19:03:44"]
[TimeControl "180+0"]

1. c4 d5 2. cxd5 Qxd5 3. Nc3 Qd8 4. g3 Nf6 5. Bg2 g6 6. Nf3 Bg7 7. O-O O-O
8. d3 b6 9. Ne5 c6 10. Nxc6 Nxc6 11. Bxc6 Rb8 12. Bf4 Bb7 13. Bxb7 Rxb7 14.
Qd2 Rd7 15. Bh6 Nd5 16. Bxg7 Kxg7 17. Rac1 Nxc3 18. Qxc3+ Kg8 19. Rc2 e6 20.
Rfc1 Qe7 21. Qe5 Rfd8 22. Rc7 Qe8 23. h4 h5 24. R1c4 Rxc7 25. Rxc7 Rd7 26.
Rc4 Qd8 27. Qc3 Kh7 28. Rc8 Qxc8 29. Qxc8 Re7 30. b4 Kg7 31. b5 f6 32. a4
Kf7 33. Qd8 f5 34. Kg2 e5 35. Qd5+ Kf6 36. e3 Re6 37. d4 exd4 38. exd4 Kf7
39. Qd7+ Re7 40. Qd8 Re8 41. Qd5+ Re6 42. Qa8 Re7 43. d5 Re8 44. Qxa7+ Re7
45. Qxb6 {Black resigns} 1-0

[Event "ICC Open 2015"]
[Site "Internet Chess Club"]
[Date "2015.05.30"]
[Round "1"]
[White "Kastor"]
[Black "geographywhiz"]
[Result "1-0"]
[ICCResult "Black checkmated"]
[WhiteElo "2904"]
[BlackElo "1930"]
[Opening "Giuoco Piano"]
[ECO "C54"]
[NIC "IG.02"]
[Time "19:02:59"]
[TimeControl "180+0"]

1. e4 e5 2. Nf3 Nc6 3. Bc4 Bc5 4. c3 Nf6 5. d3 d6 6. Bb3 Bg4 7. h3 Bxf3 8.
Qxf3 h6 9. g4 Qe7 10. Nd2 a5 11. a4 Nd8 12. Nc4 Ne6 13. Ne3 g6 14. h4 c6 15.
Bd2 Kd7 16. O-O-O b5 17. axb5 cxb5 18. Nd5 Nxd5 19. exd5 Nc7 20. d4 a4 21.
Ba2 exd4 22. Rde1 Qf8 23. g5 dxc3 24. Qg4+ Kd8 25. Bxc3 Nxd5 26. Bxd5 Rc8
27. Bf6+ Kc7 28. Re7+ Kb6 29. Rb7+ Ka5 30. Kb1 a3 31. Qe2 b4 32. Qb5#
{Black checkmated}
1-0

[Event "ICC Open 2015"]
[Site "Internet Chess Club"]
[Date "2015.05.30"]
[Round "1"]
[White "jewels2"]
[Black "FytinFrank"]
[Result "0-1"]
[ICCResult "White forfeits on time"]
[WhiteElo "1310"]
[BlackElo "2022"]
[Opening "Queen's pawn"]
[ECO "A40"]
[NIC "QO.17"]
[Time "19:03:27"]
[TimeControl "180+0"]

1. d4 c6 2. c4 f5 3. Nc3 Nf6 4. Nf3 e6 5. e3 d5 6. cxd5 exd5 7. Bd3 Bd6 8.
Qc2 Ne4 9. h4 O-O 10. Bd2 Nd7 11. O-O-O Nxf2 12. Bxf5 Nf6 13. Ng5 Bxf5 14.
Qxf5 Nxd1 15. Nxd1 Qe7 16. Ne6 Rfe8 17. Ng5 h6 18. Nf3 Qe4 19. Qh3 c5 20.
Bc3 cxd4 21. Bxd4 Rac8+ 22. Nc3 Bb4 23. Nd2 Qd3 24. Bxf6 Rxe3 25. Qxc8+ Kh7
26. Rf1 d4 27. Bxd4 Qxd4 28. Qf5+ Kg8 29. Qf7+ Kh8 30. Qe8+ Rxe8
{White forfeits on time}
0-1

[Event "ICC Open 2015"]
[Site "Internet Chess Club"]
[Date "2015.05.30"]
[Round "1"]
[White "RLH2"]
[Black "Bleeksk"]
[Result "1-0"]
[ICCResult "Black resigns"]
[WhiteElo "2835"]
[BlackElo "1909"]
[Opening "Nimzovich-Larsen attack"]
[ECO "A01"]
[NIC "VO.08"]
[Time "19:03:32"]
[TimeControl "180+0"]

1. b3 e6 2. Bb2 Nf6 3. Nf3 d5 4. e3 Be7 5. c4 O-O 6. cxd5 exd5 7. Nc3 Bg4 8.
h3 Bh5 9. g4 Bg6 10. d4 c6 11. Ne5 Nbd7 12. Nxg6 fxg6 13. Be2 Ne4 14. Nxe4
dxe4 15. Bc4+ Kh8 16. Qc2 Bh4 17. Rh2 Qc7 18. Rg2 Nf6 19. O-O-O Rad8 20. Rd2
Qe7 21. g5 Nd5 22. Rg4 Bxf2 23. Rxf2 Nxe3 24. Qxe4 Qxe4 25. Rxf8+ Rxf8 26.
Rxe4 Nxc4 27. bxc4 Rf1+ 28. Kc2 h6 29. gxh6 Rf2+ 30. Kb3 Rf3+ 31. Bc3 gxh6
32. d5+ Kh7 33. Re7+ Kg8 34. d6 Rd3 35. c5 {Black resigns} 1-0

[Event "ICC Open 2015"]
[Site "Internet Chess Club"]
[Date "2015.05.30"]
[Round "1"]
[White "RobbieWilliams"]
[Black "Womacka"]
[Result "0-1"]
[ICCResult "White resigns"]
[WhiteElo "1770"]
[BlackElo "2476"]
[Opening "Queen's pawn game"]
[ECO "D00"]
[NIC "QP.07"]
[Time "19:03:44"]
[TimeControl "180+0"]

1. d4 Nf6 2. Nc3 d5 3. Bf4 e6 4. a3 c5 5. e3 Bd6 6. Bg3 O-O 7. f4 cxd4 8.
exd4 Ne4 9. Nxe4 dxe4 10. Bc4 Nd7 11. Ne2 Nb6 12. Bb3 Bd7 13. Qd2 Bb5 14.
O-O-O Nc4 15. Bxc4 Bxc4 16. Kb1 b5 17. Qc3 Qe7 18. Nc1 Rfc8 19. Qd2 b4 20.
a4 b3 21. cxb3 Bd5 22. Rhe1 Rab8 23. Qe3 f5 24. Re2 Rb7 25. Be1 Rcb8 26. Bc3
Bxb3 27. Nxb3 Rxb3 28. Rc2 Qd7 29. Kc1 Qxa4 30. Kd2 Bb4 31. Rdc1 Bxc3+ 32.
bxc3 Rb2 33. g4 Rxc2+ 34. Rxc2 Qc4 35. gxf5 exf5 36. Qh3 g6 37. Qh4 Qd3+ 38.
Kc1 Qe3+ 39. Kd1 Rb1+ {White resigns} 0-1

[Event "ICC Open 2015"]
[Site "Internet Chess Club"]
[Date "2015.05.30"]
[Round "1"]
[White "blackjack721"]
[Black "Peter-Patzer"]
[Result "0-1"]
[ICCResult "White checkmated"]
[WhiteElo "1426"]
[BlackElo "2078"]
[Opening "Sicilian: Steinitz variation"]
[ECO "B20"]
[NIC "SI.48"]
[Time "19:03:44"]
[TimeControl "180+0"]

1. e4 c5 2. g3 Nc6 3. Bg2 g6 4. f4 Bg7 5. e5 e6 6. c3 d6 7. Ne2 dxe5 8. O-O
Nf6 9. Qa4 O-O 10. d4 exd4 11. cxd4 Nxd4 12. Nbc3 Bd7 13. Qd1 Bc6 14. Bxc6
Nxc6 15. Qe1 Nd4 16. Be3 Nc2 17. Qf2 Ng4 18. Qf3 Ngxe3 19. Rfc1 Nxa1 20.
Rxa1 Nc2 21. Rd1 Nd4 22. Qxb7 Nxe2+ 23. Kf2 Nd4 24. Ne4 Qb6 25. Qe7 Qxb2+
26. Rd2 Qb1 27. Nf6+ Bxf6 28. Qxf6 Rab8 29. Kg2 Rb2 30. Rxb2 Qxb2+ 31. Kh3
Qc2 32. g4 Qd3+ 33. Kh4 Nf3+ 34. Kg3 Ng5+ 35. Kh4 Qh3+ 36. Kxg5 h6#
{White checkmated}
0-1

[Event "ICC Open 2015"]
[Site "Internet Chess Club"]
[Date "2015.05.30"]
[Round "1"]
[White "yaguaro"]
[Black "Dlugy"]
[Result "0-1"]
[ICCResult "White resigns"]
[WhiteElo "1955"]
[BlackElo "3017"]
[Opening "Benko's opening"]
[ECO "A00"]
[NIC "VO.09"]
[Time "19:03:50"]
[TimeControl "180+0"]

1. g3 d5 2. Bg2 c6 3. d3 Nf6 4. Nd2 e5 5. e4 Bc5 6. Ngf3 Qc7 7. O-O O-O 8.
c3 Bg4 9. h3 Bh5 10. g4 Bg6 11. Nh4 dxe4 12. dxe4 Nbd7 13. Qe2 Rfd8 14. Nf5
Nf8 15. Nb3 Bb6 16. Be3 Ne6 17. Rad1 Bxe3 18. fxe3 a5 19. a4 Qb6 20. Nc1 Nc5
21. Ne7+ Kf8 22. Nxg6+ hxg6 23. g5 Nh5 24. Rxd8+ Rxd8 25. Qf3 Rd7 26. b3
Nxb3 27. Nd3 Nd2 28. Qe2 Nxf1 29. Bxf1 Qc7 30. Kg2 Qd6 31. Nf2 Qd2 32. Qf3
Qxc3 33. Ng4 Rd2+ 34. Kg1 Qc5 35. Bc4 Qxc4 36. Qxf7+ Qxf7 {White resigns}
0-1

[Event "ICC Open 2015"]
[Site "Internet Chess Club"]
[Date "2015.05.30"]
[Round "1"]
[White "Ramanip15"]
[Black "Lightlike"]
[Result "0-1"]
[ICCResult "White resigns"]
[WhiteElo "1864"]
[BlackElo "2657"]
[Opening "French: Steinitz, Boleslavsky variation"]
[ECO "C11"]
[NIC "FR.04"]
[Time "19:03:23"]
[TimeControl "180+0"]

1. e4 e6 2. d4 d5 3. Nc3 Nf6 4. e5 Nfd7 5. f4 c5 6. Nf3 Nc6 7. Be3 a6 8. Qd2
b5 9. dxc5 Bxc5 10. Bxc5 Nxc5 11. Bd3 Qb6 12. Qf2 b4 13. Ne2 a5 14. O-O Ba6
15. Kh1 Ne7 16. Bxa6 Rxa6 17. Ned4 Ne4 18. Qh4 O-O 19. Rad1 Ng6 20. Qe1 Nxf4
21. Qe3 Ng6 22. h4 Ng3+ 23. Kh2 Nxf1+ 24. Rxf1 f6 25. exf6 Rxf6 26. Ng5 Qd6+
27. g3 Rxf1 28. Ndxe6 h6 29. Qe2 hxg5 30. Nxg5 Rf8 31. Qh5 Rf2+ 32. Kg1
Qxg3+ {White resigns} 0-1

[Event "ICC Open 2015"]
[Site "Internet Chess Club"]
[Date "2015.05.30"]
[Round "1"]
[White "jonesey"]
[Black "VerdeNotte"]
[Result "0-1"]
[ICCResult "White checkmated"]
[WhiteElo "1925"]
[BlackElo "2896"]
[Opening "Queen's pawn game"]
[ECO "A45"]
[NIC "QP.07"]
[Time "19:03:29"]
[TimeControl "180+0"]

1. d4 Nf6 2. c3 b6 3. Nf3 Bb7 4. Nbd2 g6 5. e3 Bg7 6. Bd3 O-O 7. O-O d6 8.
Re1 Nbd7 9. e4 e5 10. Nf1 c5 11. dxe5 Nxe5 12. Nxe5 dxe5 13. Bg5 h6 14. Bh4
Qc7 15. Qf3 Rad8 16. Bc4 Rd6 17. Bg3 Qe7 18. Rad1 Bxe4 19. Rxe4 Nxe4 20.
Rxd6 Nxd6 21. Ne3 Nxc4 22. Nxc4 Rd8 23. h4 Qe6 24. b3 f5 25. Qb7 f4 26. Bh2
Rd1# {White checkmated} 0-1

[Event "ICC Open 2015"]
[Site "Internet Chess Club"]
[Date "2015.05.30"]
[Round "1"]
[White "BehindBluEyes"]
[Black "Schack"]
[Result "1-0"]
[ICCResult "Black checkmated"]
[WhiteElo "2306"]
[BlackElo "1626"]
[Opening "French: exchange variation"]
[ECO "C01"]
[NIC "FR.01"]
[Time "19:03:11"]
[TimeControl "180+0"]

1. e4 e6 2. d4 d5 3. exd5 exd5 4. c4 Nf6 5. Nc3 Nc6 6. Nf3 Bg4 7. Be3 Bb4 8.
Bd3 dxc4 9. Bxc4 Ne4 10. Rc1 O-O 11. O-O Nxc3 12. bxc3 Be7 13. Re1 Bf6 14.
Rb1 Na5 15. Bd3 b6 16. h3 Bxf3 17. Qxf3 c5 18. Rbd1 cxd4 19. cxd4 Rc8 20.
Qe4 g6 21. Bh6 Bg7 22. Be3 Re8 23. Qf3 Nc4 24. Qb7 Nxe3 25. fxe3 a5 26. Rf1
Re7 27. Qf3 Qd6 28. Bb5 Rc3 29. Rd3 Rxd3 30. Bxd3 Qe6 31. Re1 Qxa2 32. Re2
Qe6 33. Bb1 Bxd4 34. Ba2 Bxe3+ 35. Kh1 Qe5 36. Bc4 Qa1+ 37. Kh2 Bf4+ 38.
Qxf4 Qa3 39. Rf2 b5 40. Bxf7+ Kg7 41. Qf6+ Kh6 42. Rf4 Rxf7 43. Rh4#
{Black checkmated}
1-0

[Event "ICC Open 2015"]
[Site "Internet Chess Club"]
[Date "2015.05.30"]
[Round "1"]
[White "kurumania"]
[Black "QiWang"]
[Result "1-0"]
[ICCResult "Black resigns"]
[WhiteElo "2871"]
[BlackElo "1917"]
[Opening "QGD Slav: 4.Nc3"]
[ECO "D15"]
[NIC "SL.03"]
[Time "19:03:34"]
[TimeControl "180+0"]

1. d4 d5 2. c4 c6 3. Nf3 Nf6 4. Nc3 a6 5. a4 e6 6. Bg5 dxc4 7. e4 h6 8. Bxf6
Qxf6 9. Bxc4 Bb4 10. O-O O-O 11. e5 Qe7 12. Ne4 Nd7 13. Rc1 a5 14. Qe2 Nb6
15. Bb3 Nd5 16. Ng3 Bd7 17. h4 Rfc8 18. Qe4 c5 19. Bc2 f5 20. exf6 Nxf6 21.
Qe2 cxd4 22. Nxd4 Rc7 23. Bg6 Rac8 24. Rxc7 Rxc7 25. b3 e5 26. Ndf5 Bxf5 27.
Nxf5 Qc5 28. h5 e4 29. Rd1 Rd7 30. Rxd7 Nxd7 31. Qxe4 Qc1+ 32. Kh2 Qc7+ 33.
g3 Ne5 34. Qd5+ Kf8 35. Nh4 Ng4+ 36. Kg2 Nf6 37. Qe6 Qc6+ 38. Qxc6 bxc6 39.
f4 Nd5 40. Kf3 Nc3 41. Bd3 Bc5 42. Nf5 Kf7 43. g4 Kf6 44. Ng3 Bd6 45. Bc4
Bc7 46. Nf1 Bd6 47. Nd2 Bc7 48. Ke3 Bb6+ 49. Kd3 Bc7 50. Kxc3 {Black
resigns} 1-0

[Event "ICC Open 2015"]
[Site "Internet Chess Club"]
[Date "2015.05.30"]
[Round "1"]
[White "x22"]
[Black "Cinzento"]
[Result "0-1"]
[ICCResult "White checkmated"]
[WhiteElo "2485"]
[BlackElo "1816"]
[Opening "Van't Kruijs opening"]
[ECO "A00"]
[Time "19:03:47"]
[TimeControl "180+0"]

1. e3 e5 2. d4 exd4 3. exd4 d5 4. Nf3 Nf6 5. Be2 Be7 6. O-O O-O 7. c3 c6 8.
h3 Bf5 9. Re1 Nbd7 10. Nbd2 Bd6 11. Nf1 Qc7 12. Bg5 h6 13. Bh4 Rfe8 14. Bg3
Re6 15. Bxd6 Qxd6 16. Ne3 Bg6 17. Bd3 Bxd3 18. Qxd3 Rae8 19. Nf5 Qf4 20. g3
Rxe1+ 21. Rxe1 Rxe1+ 22. Nxe1 Qc1 23. Qe2 Ne4 24. Kg2 Ndf6 25. Nf3 Qb1 26.
Ne5 Qxa2 27. Qc2 Qa1 28. f3 Ng5 29. h4 Ne6 30. Qb3 Qa6 31. Qd1 Qb5 32. Qd2
Qa6 33. g4 Qb6 34. g5 hxg5 35. hxg5 Nh5 36. Kh3 Qd8 37. Kg4 g6 38. Nh6+ Kg7
39. Nhxf7 Qc8 40. Qd3 Nc5+ 41. Kh4 Nxd3 42. Nxd3 Qf5 43. Nde5 Qf4+ 44. Kh3
Qg3# {White checkmated} 0-1

[Event "ICC Open 2015"]
[Site "Internet Chess Club"]
[Date "2015.05.30"]
[Round "1"]
[White "klodshans"]
[Black "chessdjw"]
[Result "0-1"]
[ICCResult "White checkmated"]
[WhiteElo "1650"]
[BlackElo "2326"]
[Opening "Queen's pawn: London system"]
[ECO "A45"]
[NIC "QP.07"]
[Time "19:04:05"]
[TimeControl "180+0"]

1. d4 Nf6 2. Bf4 d5 3. e3 c5 4. Nd2 Nc6 5. c3 cxd4 6. exd4 Bf5 7. Qb3 Qc8 8.
Ngf3 e6 9. Be2 Be7 10. O-O h6 11. Ne5 Nxe5 12. dxe5 Nd7 13. Nf3 O-O 14. a4
Nc5 15. Qa2 Qc7 16. Rfc1 Rfd8 17. c4 d4 18. b4 Ne4 19. c5 d3 20. Bf1 a5 21.
Nd2 axb4 22. Nxe4 Bxe4 23. f3 Bxc5+ 24. Kh1 Bg6 25. Qb3 d2 26. Rd1 Bd4 27.
Rab1 Bc2 28. Qxb4 Rxa4 29. Qxb7 Qxb7 30. Rxb7 Bxd1 31. Bb5 Ra1 32. h3 Bxf3+
33. Kh2 d1=Q 34. gxf3 Qg1# {White checkmated} 0-1

[Event "ICC Open 2015"]
[Site "Internet Chess Club"]
[Date "2015.05.30"]
[Round "1"]
[White "Sjelan"]
[Black "Govindan"]
[Result "1-0"]
[ICCResult "Black forfeits on time"]
[WhiteElo "2171"]
[BlackElo "1481"]
[Opening "King's Indian: fianchetto, Panno variation"]
[ECO "E63"]
[NIC "KI.71"]
[Time "19:02:57"]
[TimeControl "180+0"]

1. d4 Nf6 2. Nf3 d6 3. c4 g6 4. Nc3 Bg7 5. g3 O-O 6. Bg2 Nc6 7. O-O a6 8. d5
Na7 9. e4 Bg4 10. Be3 Nc8 11. h3 Bxf3 12. Bxf3 e6 13. Bg2 exd5 14. cxd5 Nd7
15. Rc1 Ncb6 16. Qc2 Qe7 17. b3 Nc5 18. Bxc5 dxc5 19. Ne2 Nd7 20. Rfd1 b6
21. Nf4 g5 22. d6 cxd6 23. Nd5 Qd8 24. Qd2 f6 25. Kh1 Ne5 26. f4 gxf4 27.
gxf4 Nc6 28. Bf3 Nd4 29. Bg4 Ra7 30. Rg1 Kh8 31. f5 Qe8 32. Rce1 h5 33. Bd1
Rg8 34. Rg6 Qf7 35. Reg1 Kh7 36. Bxh5 {Black forfeits on time} 1-0